AoeStats
← 大王同学

Black Forest

503194684Analyzed
4v4 RM · 1mo ago on Aug 30, 2026· 79m 53s· 8 players
Game mode
Random Map
Map size
Large (8 player)
Population
200
Speed
Normal
Resources
Standard
Victory
Conquest
Starting age
Dark Age
Ending age
Imperial Age
RankedLock teamsTeams togetherTeam positionsShared explorationLock speedFull tech treeHidden civsTurbo modeCheats
Victory
Defeat
🇸🇪 Persians · Sweden
1428
+13
🇫🇷 Japanese · France
1393
+15
🇸🇪 Celts · Sweden
1319
+18
🇨🇳 Spanish · China
1299
+19
🇱🇰 Mongols · Sri Lanka
1439
-20
1399
-18
1373
-17
🇭🇰 Italians · Hong Kong SAR China
1278
-12
羽丘白色魅魔丰川祥子
3:50 Loom
11:04 Feudal Age
14:46 Castle Age
12:43 Double-Bit Axe
13:07 Horse Collar
15:54 Bow Saw
15:35 Loom
16:12 Heavy Plow
22:12 Wheelbarrow
22:22 Gold Mining
24:56 Hand Cart
28:15 Imperial Age
26:25 Squires
25:46 Man-at-Arms
26:38 Forging
26:29 Scale Mail Armor
27:30 Masonry
27:25 Long Swordsman
28:26 Legionary
29:51 Crop Rotation
30:54 Conscription
30:59 Comitatenses
31:39 Iron Casting
31:20 Chain Mail Armor
30:33 Capped Ram
32:30 Siege Ram
34:47 Blast Furnace
33:57 Siege Engineers
35:50 Scale Barding Armor
35:39 Fletching
37:55 Pikeman
40:05 Architecture
40:36 Chemistry
39:56 Ballistics
39:33 Murder Holes
39:06 Halberdier
43:52 Onager
45:32 Elite Centurion
47:19 Caravan
48:07 Bloodlines
47:57 Husbandry
47:18 Light Cavalry
50:45 Chain Barding Armor
60:25 Fortified Wall
大王同学
0:46 Loom
13:43 Feudal Age
15:00 Double-Bit Axe
33:55 Castle Age
36:19 Bow Saw
36:42 Fletching
40:27 Ballistics
41:14 Bodkin Arrow
42:20 Padded Archer Armor
43:46 Gold Mining
46:54 Wheelbarrow
46:05 Town Watch
51:35 Hand Cart
55:46 Leather Archer Armor
59:28 Imperial Age
59:54 Scale Barding Armor
60:00 Forging
60:33 Bracer
61:34 Chemistry
61:19 Ring Archer Armor
61:01 Masonry
60:13 Elite Genoese Crossbowman
61:14 Conscription
62:32 Light Cavalry
63:22 Bloodlines
63:12 Husbandry
63:35 Chain Barding Armor
63:28 Hussar
64:20 Thumb Ring
67:31 Chemistry
69:10 Caravan
豹豹是只大猫咪
6:42 Loom
11:25 Feudal Age
15:16 Castle Age
14:11 Double-Bit Axe
14:10 Horse Collar
22:54 Wheelbarrow
25:01 Hand Cart
24:58 Heavy Plow
26:21 Town Watch
27:22 Gold Mining
27:23 Stone Mining
30:55 Imperial Age
28:35 Scale Barding Armor
29:10 Forging
29:59 Stone Shaft Mining
30:04 Gold Shaft Mining
30:46 Bow Saw
31:05 Chain Barding Armor
30:56 Forging
31:11 Elite War Elephant
32:30 Plate Barding Armor
33:28 Conscription
35:18 Iron Casting
34:57 Bloodlines
34:48 Husbandry
40:53 Blast Furnace
43:14 Devotion
43:31 Block Printing
44:32 Light Cavalry
45:46 Guilds
46:07 Coinage
45:38 Caravan
46:51 Hoardings
47:43 Citadels
50:40 Faith
53:23 Kamandaran
52:54 Sappers
56:41 Ballistics
57:22 Chemistry
56:14 Fletching
64:29 Bodkin Arrow
64:50 Masonry
PunchiMan
9:12 Feudal Age
9:21 Man-at-Arms
10:21 Double-Bit Axe
13:19 Loom
13:46 Forging
20:29 Castle Age
20:03 Horse Collar
21:39 Bow Saw
21:36 Heavy Plow
22:15 Wheelbarrow
25:28 Hand Cart
30:53 Imperial Age
28:35 Fletching
28:46 Padded Archer Armor
29:08 Ballistics
28:50 Gold Mining
29:31 Bodkin Arrow
30:00 Thumb Ring
31:39 Bracer
32:50 Chemistry
32:52 Parthian Tactics
33:07 Heavy Cavalry Archer
37:06 Stone Mining
42:17 Conscription
42:26 Drill
42:23 Husbandry
42:33 Bloodlines
43:34 Hoardings
42:24 Onager
43:56 Siege Onager
46:23 Siege Engineers
46:37 Leather Archer Armor
49:28 Nomads
57:06 Caravan
CrazyBen
16:27 Loom
18:13 Feudal Age
23:02 Castle Age
21:01 Double-Bit Axe
21:16 Horse Collar
25:27 Gold Mining
27:14 Caravan
30:49 Pikeman
31:30 Squires
31:34 Scale Mail Armor
34:11 Imperial Age
32:04 Pikeman
34:52 Guard Tower
34:54 Fletching
35:56 Bodkin Arrow
36:25 Yasama
37:06 Bow Saw
38:51 Fortified Wall
40:16 Block Printing
47:35 Illumination
47:22 Fervor
47:34 Sanctity
55:44 Theocracy
59:52 Halberdier
60:32 Squires
60:34 Scale Mail Armor
62:50 Chain Mail Armor
62:46 Forging
63:37 Bracer
66:13 Plate Mail Armor
68:00 Ballistics
69:00 Chemistry
68:36 Keep
67:47 Arrowslits
Ak-guy
11:06 Feudal Age
14:55 Castle Age
13:01 Double-Bit Axe
12:59 Horse Collar
14:09 Gold Mining
20:12 Scale Barding Armor
24:03 Wheelbarrow
24:09 Bow Saw
24:04 Heavy Plow
25:06 Chain Barding Armor
27:38 Forging
28:57 Hand Cart
29:59 Gold Shaft Mining
29:57 Stone Mining
34:16 Imperial Age
31:37 Loom
34:39 Iron Casting
34:17 Bloodlines
34:07 Husbandry
34:56 Conscription
34:05 Cavalier
34:45 Husbandry
35:26 Plate Barding Armor
37:10 Two-Man Saw
36:45 Stone Shaft Mining
36:40 Fletching
36:47 Elite War Elephant
37:37 Bodkin Arrow
38:03 Savar
41:32 Caravan
45:15 Heavy Camel Rider
47:28 Blast Furnace
53:25 Devotion
54:42 Guilds
55:06 Coinage
55:31 Crop Rotation
68:11 Chemistry
69:56 Banking
70:42 Onager
75:54 Guilds
我很牛逼
3:51 Loom
11:39 Feudal Age
17:42 Castle Age
29:14 Horse Collar
29:21 Double-Bit Axe
36:44 Imperial Age
34:49 Wheelbarrow
38:37 Scale Barding Armor
38:42 Forging
38:37 Scale Barding Armor
38:42 Forging
38:37 Scale Barding Armor
38:42 Forging
38:40 Heavy Plow
38:53 Bow Saw
39:44 Conscription
38:48 Cavalier
39:29 Husbandry
39:56 Hand Cart
39:53 Scale Mail Armor
40:11 Bloodlines
40:33 Pikeman
41:13 Squires
40:59 Arson
41:00 Gambesons
42:06 Conscription
42:30 Iron Casting
42:10 Chain Mail Armor
42:30 Iron Casting
42:10 Chain Mail Armor
42:30 Iron Casting
42:10 Chain Mail Armor
41:26 Halberdier
43:40 Paladin
45:55 Blast Furnace
45:25 Plate Mail Armor
45:18 Chain Barding Armor
45:07 Paladin
47:51 Plate Mail Armor
47:14 Fletching
48:36 Two-Man Saw
55:22 Caravan
56:21 Light Cavalry
59:51 Town Watch
60:13 Hussar
60:53 Arrowslits
61:30 Ballistics
63:30 Chemistry
63:28 Supremacy
66:13 Bombard Tower
68:27 Coinage
70:39 Murder Holes
70:55 Masonry
70:57 Fortified Wall
72:57 Banking
81:04 Plate Barding Armor
ClaesErik
0:56 Loom
12:02 Feudal Age
17:33 Castle Age
21:20 Double-Bit Axe
21:17 Horse Collar
21:31 Gold Mining
25:49 Wheelbarrow
25:05 Town Watch
26:48 Bow Saw
27:22 Stone Mining
27:40 Scale Mail Armor
29:51 Fortified Wall
29:52 Masonry
30:05 Caravan
32:51 Imperial Age
30:31 Treadmill Crane
31:33 Hand Cart
31:49 Forging
32:21 Gold Shaft Mining
32:22 Stone Shaft Mining
32:22 Town Patrol
32:45 Chain Mail Armor
34:44 Chemistry
34:19 Siege Engineers
34:23 Onager
36:09 Furor Celtica
38:01 Conscription
39:37 Plate Mail Armor
39:42 Iron Casting
38:32 Elite Woad Raider
38:44 Siege Onager
41:10 Fletching
41:28 Pikeman
41:50 Man-at-Arms
43:46 Blast Furnace
42:15 Halberdier
45:35 Stronghold
46:34 Bodkin Arrow
47:06 Heavy Scorpion
48:34 Ballistics
50:31 Caravan
56:56 Padded Archer Armor
70:33 Gambesons
70:35 Arson
70:19 Man-at-Arms
71:58 Long Swordsman
73:21 Two-Handed Swordsman
74:06 Champion
Connection lost

Rejoining the realm…

Still unreachable

The connection could not be restored.

Session expired

The server has moved on; the page needs a fresh start.